 Dungeon Crawl Stone Soup version 0.31-a0-202-g547052bce9 (webtiles) character file.

Game seed: 18065946067109505374

112 qw the Shooter (level 4, -3/25 HPs)
             Began as a Deep Elf Hunter on June 26, 2023.
             Slain by a scorpion (6 damage)
             ... on level 4 of the Dungeon.
             The game lasted 00:00:47 (2081 turns).

qw the Shooter (Deep Elf Hunter)                    Turns: 2081, Time: 00:00:48

Health: -3/25      AC:  9    Str: 10    XL:     4   Next: 63%
Magic:  6/6        EV:  8    Int: 14    God:
Gold:   170        SH:  0    Dex: 18    Spells: 3/3 levels left

rFire   + + .        Y - +0 shortbow
rCold   x . .        (shield currently unavailable)
rNeg    + . .        c - +0 fire dragon scales
rPois   .            (no helmet)
rElec   .            l - +0 cloak
rCorr   .            (no gloves)
SInv    .            (no boots)
Will    .....        (no amulet) Stlth
                     e - ring of positive energy
HPRegen 0.24/turn    (no ring)
MPRegen 0.10/turn

%: no passive effects
@: lethally poisoned (-3 -> -14)
A: no striking features
a: no special abilities


You were on level 4 of the Dungeon.
You visited 1 branch of the dungeon, and saw 4 of its levels.

You collected 170 gold pieces.


   Skills:
 - Level 1.5 Fighting
 + Level 7.8 Ranged Weapons
 - Level 1.0 Armour
 - Level 2.4 Dodging
 - Level 1.2 Stealth


You had 3 spell levels left.
You didn't know any spells.
Your spell library was empty.

Inventory:

Hand Weapons
 Y - a +0 shortbow (weapon)
Armour
 c - +0 fire dragon scales (worn)
 j - a +0 troll leather armour
 l - a +0 cloak (worn)
Jewellery
 e - a ring of positive energy (left hand)
Scrolls
 a - a scroll of identify
 f - 2 scrolls of teleportation
Potions
 b - a potion of heal wounds
 d - 3 potions of curing
 g - a potion of brilliance {unknown}
 i - a potion of resistance

Dungeon Overview and Level Annotations

Branches:
Dungeon (4/15)
 Temple: D:4-7

Altars:
Elyvilon


Message History

The arrow hits the scorpion but does no damage.
You shoot an arrow. The arrow closely misses the scorpion.
You shoot an arrow. The arrow hits the scorpion.
The scorpion is lightly wounded.
The scorpion barely misses you.
The scorpion stings you but does no damage.
You shoot an arrow.
The arrow hits the scorpion but does no damage.
The scorpion is lightly wounded.
The scorpion stings you but does no damage.
The scorpion closely misses you.
You shoot an arrow. The arrow closely misses the scorpion.
The scorpion stings you but does no damage.
You shoot an arrow. The arrow closely misses the scorpion.
The scorpion stings you but does no damage.
The scorpion stings you.
You shoot an arrow. The arrow hits the scorpion!
The scorpion is moderately wounded.
The scorpion stings you.
You shoot an arrow. The arrow barely misses the scorpion.
The scorpion stings you. x2
You are poisoned.
The scorpion poisons you!
You shoot an arrow. The arrow hits the scorpion.
The scorpion is heavily wounded.
You feel very sick.
The scorpion stings you but does no damage. x2
You shoot an arrow. The arrow closely misses the scorpion.
You feel sick.
The scorpion stings you but does no damage.
You shoot an arrow. The arrow barely misses the scorpion.
You feel sick. The scorpion stings you.
You are lethally poisoned!
The scorpion poisons you!
The scorpion stings you but does no damage.
You shoot an arrow. The arrow hits the scorpion.
The scorpion is heavily wounded.
You feel very sick. The scorpion stings you. x2
You die...

#.# #.#
#.# #.#
#.#
######.#
#...<#s#
##.###@#
#.# #.#
##.###.#
#......#
########


You could see a scorpion.

Vanquished Creatures
  3 gnolls (D:2)
  2 adders
  2 worms (D:2)
  8 bats
  8 endoplasms
  2 giant cockroaches
  3 goblins (D:1)
  2 hobgoblins
  9 jackals
  3 quokkas
  4 ball pythons
  3 frilled lizards
  A kobold (D:2)
  4 rats
54 creatures vanquished.

Notes
Turn   | Place    | Note
-------+----------+-------------------------------------------
     0 | D:1      | qw the Deep Elf Hunter began the quest for the Orb.
     0 | D:1      | Reached XP level 1. HP: 12/12 MP: 3/3
     0 | D:1      | Noticed a merfolk zombie
     0 | D:1      | 0 ||| qw: Version: 0.3-a-22-g0ed2b0b
     0 | D:1      | 0 ||| qw: Game counter: 6202
     0 | D:1      | 0 ||| qw: Melee chars always use a shield: true
     0 | D:1      | 0 ||| qw: God list: Okawaru
     0 | D:1      | 0 ||| qw: Allow faded altars: false
     0 | D:1      | 0 ||| qw: Do Orc after clearing Dungeon:15 true
     0 | D:1      | 0 ||| qw: Do second Lair branch before Depths: true
     0 | D:1      | 0 ||| qw: Lair rune preference: random
     0 | D:1      | 0 ||| qw: Goals: Normal
     0 | D:1      | 0 ||| PLANNING D:1-11
     1 | D:1      | Noticed a merfolk
    11 | D:1      | Noticed a merfolk zombie
    11 | D:1      | Noticed a ghoul
    15 | D:1      | Noticed a tengu
    15 | D:1      | Noticed a vampire
    17 | D:1      | Noticed a vampire
    17 | D:1      | Noticed a demigod
    17 | D:1      | Noticed a felid
    21 | D:1      | Noticed a merfolk zombie
   110 | D:1      | Reached XP level 2. HP: 16/16 MP: 4/4
   111 | D:1      | Reached skill level 6 in Ranged Weapons
   877 | D:1      | 877 ||| UPGRADING to +0 ring mail.
   887 | D:1      | 887 ||| DROPPING +0 leather armour.
   888 | D:1      | 888 ||| UPGRADING to ring of positive energy.
   889 | D:1      | 889 ||| READING 3 scrolls labelled VUDYTUS EDUI.
   890 | D:1      | 890 ||| READING scroll labelled SIBLERRIKHAU.
   895 | D:1      | 895 ||| READING scroll labelled PIOFU OGEMI.
   896 | D:1      | 896 ||| READING 2 scrolls of identify.
   896 | D:1      | 896 ||| IDENTIFYING coppery potion
   897 | D:1      | 897 ||| DROPPING scroll of butterflies.
   898 | D:1      | 898 ||| DROPPING potion of invisibility.
  1031 | D:2      | Reached XP level 3. HP: 20/20 MP: 5/5
  1099 | D:2      | Reached skill level 7 in Ranged Weapons
  1266 | D:2      | Reached XP level 4. HP: 25/25 MP: 6/6
  1551 | D:2      | 1551 ||| UPGRADING to +0 fire dragon scales.
  1561 | D:2      | 1561 ||| DROPPING +0 ring mail.
  1562 | D:2      | 1562 ||| UPGRADING to +0 cloak.
  1567 | D:2      | 1567 ||| READING scroll labelled QIHEICSIMMOK.
  1568 | D:2      | 1568 ||| READING scroll labelled GAZ YGAJEPSUITEOP.
  1569 | D:2      | 1569 ||| READING scroll labelled WYIGIJ OCLIPS.
  1570 | D:2      | 1570 ||| DRINKING 3 black potions.
  1571 | D:2      | 1571 ||| READING 4 scrolls of identify.
  1571 | D:2      | 1571 ||| IDENTIFYING fuming coppery potion
  1572 | D:2      | 1572 ||| READING 3 scrolls of identify.
  1572 | D:2      | 1572 ||| IDENTIFYING fizzy pink potion
  1573 | D:2      | 1573 ||| DROPPING potion of berserk rage.
  1595 | D:3      | 1595 ||| STAIRDANCE
  1643 | D:3      | Identified the +2 spear of Eternal Harmony {antimagic, rF+
                  | rN+}
  1647 | D:3      | Identified the +5 chain mail "Piur" {-Cast Rampage rN+
                  | Str+4}
  1679 | D:3      | Found a faded altar of an unknown god.
  1826 | D:3      | Reached skill level 1 in Armour
  1977 | D:3      | Found a white marble altar of Elyvilon.
  2049 | D:3      | 2049 ||| READING 2 scrolls of identify.
  2049 | D:3      | 2049 ||| IDENTIFYING lumpy cyan potion
  2068 | D:4      | Noticed a scorpion
  2081 | D:4      | HP: 4/25 [poisoned by a scorpion]
  2081 | D:4      | Slain by a scorpion

Levels and vault maps discovered:
D:1:      shiori_arrival_whats_in_store_for_you, layout_basic, st_stairs_1,
          chequers_big_river
D:2:      layout_basic
D:3:      layout_rooms, mainiacjoe_overflow_alcove_1,
          chequers_ecumenical_altar_simple_redux
D:4:      layout_basic, trog_ov_bears_minmay, grunt_qazlal_clouds,
          nicolae_overflow_hidden_temple, minmay_temple_entry_tees,
          minmay_shop_damaged, uniq_edmund

Skill      XL: |  1  2  3  4 |
---------------+-------------+-----
Ranged Weapons | 6 7 |  7.8
Armour         | 1 |  1.0
Fighting       | |  1.5
Dodging        | |  2.4
Stealth        | |  1.2

Action                     |  1- 3 |  4- 6 || total
---------------------------+-------+-------++-------
   Fire: Shortbow          |    93 |    61 ||   154
    Use: Scroll            |     4 |     6 ||    10
         Potion            |       |     1 ||     1
 Armour: Leather armour    |     3 |       ||     3
         Ring mail         |     9 |     1 ||    10
         Fire dragon scale |       |    29 ||    29
  Dodge: Dodged            |    25 |    27 ||    52

Table legend:
 A = Non-vault XP
 B = Vault XP
 C = Vault XP percentage of total XP
 D = Non-vault monster count
 E = Vault monster count
 F = Vault count percentage of total count
                 A         B        C        D         E       F
            +---------+---------+-------+---------+---------+-------
      Total |     156 |       4 |   2.5 |      52 |       2 |   3.7
            +---------+---------+-------+---------+---------+-------
        D:1 |      29 |       4 |  12.1 |      17 |       2 |  10.5
        D:2 |     100 |       0 |   0.0 |      26 |       0 |   0.0
        D:3 |      27 |       0 |   0.0 |       9 |       0 |   0.0
            +---------+---------+-------+---------+---------+-------
